 Dungeon Crawl Stone Soup version 0.28-a0-8-g6e044cfa68 (webtiles) character file.

Game seed: 18076810314670202209

2707 Sweetruy1997 the Basher (level 9, 0/68 (71) HPs)
             Began as a Hill Orc Monk on July 22, 2021.
             Was a Believer of Beogh.
             Shot with a bolt by an orc warrior (27 damage)
             ... in a bailey on July 24, 2021.
             The game lasted 00:21:32 (8383 turns).

Sweetruy1997 the Basher (Hill Orc Monk)             Turns: 8383, Time: 00:21:33

HP:   0/68 (71)     AC:  5    Str: 18    XL:     9   Next: 66%
MP:   9/9           EV: 14    Int: 10    God:    Beogh [**....]
Gold: 336           SH:  5    Dex: 22    Spells: 8/8 levels left

rFire   + + .      SeeInvis .   a - +3 whip (elec)
rCold   + + .      Faith    .   (no shield)
rNeg    . . .      Spirit   .   A - +0 robe of Feasting {-Tele rF+ Dex+6 Stlth+}
rPois   .          Reflect  +   m - +0 helmet
rElec   .          Harm     .   q - scarf {rC+ rF+}
rCorr   .          Rampage  .   (no gloves)
Will    .....      NoTele   +   (no boots)
Stlth   ++++......              j - amulet of Peacaill {Reflect rC+ SH+5}
HPRegen 0.21/turn               (no ring)
MPRegen 0.11/turn               (no ring)

@: lightly drained
A: iridescent scales 1, thin skeletal structure 1, strong 1
a: Renounce Religion, Smiting


You were in a bailey.
You worshipped Beogh.
Beogh was pleased with you.
You visited 2 branches of the dungeon, and saw 9 of its levels.
You also visited: Bailey.

You collected 336 gold pieces.

Inventory:

Hand Weapons
 a - a +3 whip of electrocution (weapon)
 v - a +2 falchion of protection
Missiles
 D - 7 curare-tipped darts (quivered)
Armour
 b - a +0 troll leather armour
 m - a +0 helmet (worn)
 q - a scarf of resistance (worn)
 w - a +1 ring mail of willpower
 A - the +0 robe of Feasting (worn) {-Tele rF+ Dex+6 Stlth+}
   (You found it on level 6 of the Dungeon)

   Dex:       It affects your dexterity (+6).
   rF:        It protects you from fire.
   -Tele:     It prevents most forms of teleportation.
   Stlth:     It makes you more stealthy.
Jewellery
 j - the amulet of Peacaill (around neck) {Reflect rC+ SH+5}
   (You acquired it on level 3 of the Dungeon)

   [amulet of reflection]

   It reflects blocked missile attacks.
   rC:        It protects you from cold.
   SH:        It affects your SH (+5).
Wands
 h - a wand of mindburst (11)
 i - a wand of paralysis (8)
 l - a wand of flame (13)
 r - a wand of iceblast (12)
 s - a wand of acid (1)
Scrolls
 g - 4 scrolls of teleportation
 k - a scroll of amnesia {unknown}
 x - a scroll of fear
 B - a scroll of brand weapon {unknown}
 C - a scroll of blinking
Potions
 c - a potion of curing
 d - 3 potions of flight
 e - 2 potions of might {unknown}
 f - a potion of magic
 n - a potion of haste {unknown}
 o - 2 potions of attraction {unknown}
 p - 2 potions of heal wounds {unknown}
 t - a potion of lignification {unknown}
 z - a potion of cancellation {unknown}


   Skills:
 - Level 4.0 Fighting
 - Level 4.1 Long Blades
 - Level 7.7(11.0) Axes
 + Level 10.4(11.2) Maces & Flails
 - Level 1.0 Armour
 - Level 3.0 Dodging
 - Level 2.0 Stealth
 - Level 4.0 Shields
 + Level 2.1 Evocations


You had 8 spell levels left.
You didn't know any spells.
Your spell library was empty.

Dungeon Overview and Level Annotations

Branches:
Dungeon (8/15)             Temple (1/1) D:5          Bailey (1/1)
   Lair: D:8-11

Altars:
Ashenzari
Cheibriados
Dithmenos
Elyvilon
Fedhas
Gozag
Hepliaklqana
Kikubaaqudgha
Makhleb
Nemelex Xobeh
Okawaru
Qazlal
Sif Muna
Trog
Uskayaw
Vehumet
Wu Jian
Xom
Yredelemnul
Zin
The Shining One

Annotations:
D:2 1 runed translucent door, Crazy Yiuf


Innate Abilities, Weirdness & Mutations

You are partially covered in iridescent scales. (AC +2)
You have a somewhat thin skeletal structure. (Dex +2, Stealth+)
Your muscles are strong. (Str +2)


Message History

You hit the goblin. Lightning courses through the goblin!
You kill the goblin!
Beogh accepts your kill.
There is a flagged portal here.
You start resting.
You hear the steady creaking of a portcullis.
You start resting.
A gnoll sergeant comes into view.
It is wielding a +2 trident of freezing.
The world spins around you as you enter the gateway.
You enter a bailey!
Found a gate leading back out of this place.
There is an empty arch of ancient stone here.
You start resting.
HP restored.
An orc warrior comes into view. It is wielding a +0 arbalest.
Aiming: Iceblast
Press: ? - help, Shift-Dir - straight line, f - you
Okay, then.
Unknown command.
An orc comes into view. It is wielding a +0 arbalest.
The orc warrior shoots a bolt.
The bolt hits you but does no damage.
The orc warrior shoots a bolt.
The bolt closely misses you.
An orc comes into view. It is wielding a +0 arbalest.
You hear a shout!
Aiming: Iceblast
Press: ? - help, Shift-Dir - straight line, f - orc warrior
Aim: an orc warrior, wielding a +0 arbalest, wearing a +0 scale mail and quivering bolts The mass of ice explodes!
The iceblast engulfs the orc warrior!
The orc warrior is moderately wounded.
The orc shouts!
You hear a shout!
The orc warrior shoots a bolt.
The bolt misses you.
The orc disappears!
The orc disappears!
The orc warrior shoots a bolt.
The bolt hits you!
Found a gate leading back out of this place.
The orc warrior shoots a bolt.
The bolt completely misses you.
The orc warrior shoots a bolt.
The bolt hits you!!
The orc warrior shoots a bolt.
The bolt hits you!
An orc comes into view. It is wielding a +0 arbalest.
The orc warrior shoots a bolt.
The bolt hits you!!
You die...
Beogh appreciates the orc warrior's killing of a heretic priest.

.............#
.............#
.............#
............#
≈≈≈≈.......#
#o#≈≈......#
≈##.##≈......#
≈..^oo≈......#
≈#∩.##≈@.....#
#≈≈......#
≈≈≈≈.......#
.............#
.............#
.............#
.............#
.....o.......#


You could see an orc warrior and 2 orcs.

Vanquished Creatures
  A troll (D:5)
  A steam dragon (D:8)
  A water moccasin (D:5)
  An orc warrior (D:4)
  A sky beast (D:5)
  2 ogres (D:6)
  2 black bears
  A necrophage (D:5)
  A centaur (D:6)
  A phantom (D:5)
  3 bullfrogs
  3 scorpions (D:6)
  2 water moccasin skeletons
  4 wights (D:8)
  A howler monkey (D:6)
  5 hounds
  3 jellies
  2 orc priests (D:6)
  A centaur skeleton (D:6)
  A gnoll shaman (D:5)
  Ijyb (D:4)
  5 iguanas
  2 orc wizards (D:6)
  Robin (D:2)
  2 howler monkey skeletons (D:5)
  4 gnolls
  8 adders
  2 adder skeletons
  2 worms (D:2)
  The ghost of DocClef the Covert, a weakling GnDe (D:5)
  2 dart slugs
  18 orcs
  7 endoplasms
  2 giant cockroaches
  15 goblins
  5 hobgoblins
  2 jackals (D:4)
  7 quokkas
  4 ball pythons
  6 bats
  3 frilled lizards (D:1)
  9 kobolds
  8 rats
153 creatures vanquished.

Vanquished Creatures (others)
  A necrophage (D:6)
  An orc priest (D:6)
  A goblin (D:2)
3 creatures vanquished.

Grand Total: 156 creatures vanquished

Notes
Turn   | Place    | Note
-------+----------+-------------------------------------------
     0 | D:1      | Sweetruy1997 the Hill Orc Monk began the quest for the Orb.
     0 | D:1      | Reached XP level 1. HP: 19/19 MP: 1/1
   421 | D:1      | Reached XP level 2. HP: 12/27 MP: 2/2
   690 | D:1      | Gained mutation: You have a somewhat thin skeletal
                  | structure. (Dex +2, Stealth+) [potion of mutation]
   690 | D:1      | Gained mutation: You are partially covered in iridescent
                  | scales. (AC +2) [potion of mutation]
   690 | D:1      | Gained mutation: Your muscles are strong. (Str +2) [potion
                  | of mutation]
  1188 | D:1      | Reached XP level 3. HP: 33/33 MP: 3/3
  1556 | D:2      | Reached skill level 5 in Axes
  1794 | D:2      | Reached XP level 4. HP: 29/40 MP: 4/4
  1920 | D:2      | Noticed Robin
  1959 | D:2      | Killed Robin
  2442 | D:2      | Found a runed translucent door.
  2443 | D:2      | Noticed Crazy Yiuf
  2531 | D:2      | Reached skill level 1 in Armour
  2790 | D:3      | Reached XP level 5. HP: 44/46 MP: 5/5
  3423 | D:3      | Identified 2 scrolls of acquirement
  3424 | D:3      | Acquired a scarf of resistance
  3431 | D:3      | Acquired the amulet of Peacaill {Reflect rC+ SH+5}
  3815 | D:4      | Noticed Ijyb
  3818 | D:4      | Killed Ijyb
  3819 | D:4      | Reached XP level 6. HP: 17/52 MP: 6/6
  4172 | D:4      | Noticed a black bear
  4182 | D:4      | Killed a black bear
  4183 | D:4      | Reached skill level 1 in Long Blades
  4183 | D:4      | Reached skill level 1 in Shields
  4343 | D:4      | Noticed an orc warrior
  4374 | D:4      | Killed an orc warrior
  4375 | D:4      | Reached XP level 7. HP: 32/59 MP: 7/7
  4620 | D:5      | Entered Level 5 of the Dungeon
  4620 | D:5      | Found a runed translucent door.
  4690 | D:5      | Reached skill level 1 in Evocations
  4886 | D:5      | Found a staircase to the Ecumenical Temple.
  4894 | Temple   | Entered the Ecumenical Temple
  5118 | D:5      | Noticed a troll
  5118 | D:5      | Noticed DocClef's ghost (weakling GnDe)
  5180 | D:5      | Reached skill level 1 in Maces & Flails
  5308 | D:5      | Reached skill level 2 in Maces & Flails
  5503 | D:5      | Found a shadowy altar of Dithmenos.
  5520 | D:5      | Reached skill level 3 in Maces & Flails
  5520 | D:5      | Reached XP level 8. HP: 59/66 MP: 8/8
  5620 | D:5      | Reached skill level 4 in Maces & Flails
  5927 | D:5      | Killed DocClef's ghost
  5943 | D:5      | Killed a troll
  5944 | D:5      | Reached skill level 5 in Maces & Flails
  6279 | D:5      | Reached skill level 6 in Maces & Flails
  6355 | D:6      | Became a worshipper of Beogh the Brigand
  6355 | D:6      | Reached * piety under Beogh
  6355 | D:6      | Reached ** piety under Beogh
  6390 | D:6      | Reached skill level 7 in Maces & Flails
  6517 | D:6      | Reached XP level 9. HP: 65/71 MP: 9/9
  6601 | D:6      | Reached skill level 8 in Maces & Flails
  6788 | D:6      | Reached skill level 9 in Maces & Flails
  6884 | D:6      | Identified the +0 robe of Feasting {-Tele rF+ Dex+6 Stlth+}
  7484 | D:7      | Upgraded the game from 0.28-a0-2-g643f2454ad to
                  | 0.28-a0-8-g6e044cfa68
  7769 | D:7      | Found a glowing silver altar of Zin.
  7780 | D:7      | Found a hide-covered altar of Uskayaw.
  7919 | D:8      | Reached skill level 10 in Maces & Flails
  8123 | D:8      | Found a flagged portal.
  8217 | Bailey   | Entered a bailey
  8383 | Bailey   | Shot with a bolt by an orc warrior

Illustrated notes

Levels and vault maps discovered:
D:1:      lemuel_arrival_muddy, layout_basic, serial_co_window_serial,
          co_window_paths_a, co_window_corner_a, co_window_corner_a,
          co_window_cross_1, co_window_corner_a, co_window_corner_cb,
          co_window_unsneaky_path_d, co_window_unsneaky_path_d,
          co_window_broadway_b, co_window_corner_cb, co_window_paths_e,
          glass_columns_c, glass_columns_c, glass_columns_b, glass_columns_a,
          glass_columns_c
D:2:      layout_rooms, minmay_pentomino_p2, uniq_crazy_yiuf_cottage, uniq_robin
D:3:      layout_basic
D:4:      layout_basic, kennysheep_generic_room_13, uniq_ijyb
D:5:      layout_basic, mainiacjoe_overflow_tiny_flanked,
          minmay_temple_entry_statues_pillars, ebering_ghost_inner_flame
D:6:      layout_rooms, chequers_garden, minmay_quadrilaterals
D:7:      layout_loops_corners, amethyst_overflow_temple_binary,
          chequers_serial_rivers_micro_b
D:8:      layout_loops_ring, enter_bailey_5, uniq_harold
Temple:   regret_index_temple_mists
Bailey:   bailey_polearm_2, bailey

Skill      XL: |  1  2  3  4  5  6  7  8  9 |
---------------+----------------------------+-----
Fighting       | 4 |  4.0
Axes           | 5 6 7 |  7.7
Stealth        | 2 |  2.0
Dodging        | 3 |  3.0
Armour         | 1 |  1.0
Long Blades    | 2 4 |  4.1
Shields        | 1 3 4 |  4.0
Evocations     | 1 2 |  2.1
Maces & Flails | 3 7 10 | 10.4

Action                   |  1- 3 |  4- 6 |  7- 9 || total
-------------------------+-------+-------+-------++-------
Melee: Hand axe          |    85 |   192 |       ||   277
       Falchion          |       |    41 |    25 ||    66
       Whip              |       |       |   231 ||   231
Throw: Dart              |       |       |     1 ||     1
Invok: Convert to Beogh  |       |       |     1 ||     1
Evoke: Wand              |       |     2 |     2 ||     4
  Use: Scroll            |     5 |     4 |     7 ||    16
       Potion            |     1 |     2 |     3 ||     6
 Stab: Sleeping          |     9 |     5 |     7 ||    21
       Distracted        |       |       |     1 ||     1
Armor: Robe              |     4 |       |    16 ||    20
       Ring mail         |    22 |    90 |    47 ||   159
       Leather armour    |       |    15 |       ||    15
       Troll leather arm |       |       |    15 ||    15
Dodge: Dodged            |    54 |   129 |   134 ||   317
Block: Other             |       |    15 |    36 ||    51
       Rpst.: Falchion   |       |    10 |     3 ||    13

Table legend: (Time is in decaauts)
 A = Elapsed time spent in this place.
 B = Non-inter-level travel time spent in this place.
 C = Inter-level travel time spent in this place.
 D = Time resting spent in this place.
 E = Time spent auto-exploring this place.
 F = Levels seen in this place.
 G = Mean time per level.
                   A        B        C        D        E       F      G
               +--------+--------+--------+--------+--------+-----+--------+
         Total |   8385 |   8156 |    229 |   2041 |   4640 |  10 |  838.5 |
       Dungeon |   7990 |   7789 |    201 |   1889 |   4440 |   8 |  998.8 |
        Temple |    229 |    201 |     28 |      0 |    200 |   1 |  229.0 |
        Bailey |    165 |    165 |      0 |    152 |      0 |   1 |  165.0 |
               +--------+--------+--------+--------+--------+-----+--------+

Top non-repeatable levels by time:
     D:5: 1531 daAuts
     D:1: 1509 daAuts
     D:2: 1178 daAuts
     D:4: 1132 daAuts
     D:7: 911 daAuts
     D:3: 814 daAuts
     D:6: 612 daAuts
     D:8: 299 daAuts
  Temple: 229 daAuts
  Bailey: 165 daAuts
